 Dungeon Crawl Stone Soup version 0.21-a0-221-gfe971b9 (webtiles) character file.

314 Moloch the Poker (level 6, 0/47 HPs)
             Began as a Mummy Fighter on Aug 25, 2017.
             Slain by an orc
             ... wielding a +0 flail
              (4 damage)
             ... on level 3 of the Dungeon on Aug 26, 2017.
             The game lasted 00:04:48 (2367 turns).

Moloch the Poker (Mummy Fighter)                    Turns: 2367, Time: 00:04:49

Health: 0/47       AC:  9    Str: 20    XL:     6   Next: 19%
Magic:  6/6        EV:  5    Int:  7    God:
Gold:   141        SH:  9    Dex: 13    Spells: 5/5 levels left

rFire    x . .     SeeInvis .   a - +0 trident
rCold    + . .     Gourm    .   c - +0 shield
rNeg     + + +     Faith    .   h - +0 chain mail
rPois    ∞         Spirit   .   (no helmet)
rElec    .         Reflect  .   (no cloak)
rCorr    .         Harm     .   b - +0 pair of gloves
MR       .....                  (no boots)
Stlth    ..........             (no amulet)
HPRegen  0.15/turn              (no ring)
MPRegen  0.10/turn              (no ring)

@: no status effects
A: no food or potions, fire vulnerability, cold resistance 1, negative energy
resistance 3, torment resistance, unbreathing
a: no special abilities


You were on level 3 of the Dungeon.
You were not hungry.

You visited 1 branch of the dungeon, and saw 3 of its levels.

You collected 141 gold pieces.

Inventory:

Hand Weapons
 a - a +0 trident (weapon)
 k - a +0 morningstar
Armour
 b - a +0 pair of gloves (worn)
 c - a +0 shield (worn)
 h - a +0 chain mail (worn)
Wands
 l - a wand of digging (11/24)
 m - a wand of polymorph (3/24)
Scrolls
 d - a scroll of random uselessness {unknown}
 e - 3 scrolls of amnesia {unknown}
 f - a scroll of enchant armour {unknown}
 g - 2 scrolls of recharging {unknown}
 i - a scroll of fear {unknown}
 j - a scroll of teleportation {unknown}
 n - 2 scrolls of remove curse {unknown}
 o - a scroll of identify {unknown}
 p - a scroll of enchant weapon {unknown}


   Skills:
 - Level 3.0 Fighting
 + Level 5.4 Polearms
 - Level 2.4 Armour
 - Level 2.4 Shields


You had 5 spell levels left.
You didn't know any spells.

Dungeon Overview and Level Annotations

Branches:
Dungeon (3/15)

Altars:
Qazlal


Innate Abilities, Weirdness & Mutations

You do not eat or drink.
Your flesh is vulnerable to fire.
You are immune to poison.
Your flesh is cold resistant. (rC+)
You are immune to negative energy. (rN+++)
You are immune to unholy pain and torment.
You can survive without breathing.


Message History

You hit something but do no damage. Something hits you but does no damage.
The orc hits you with a flail.
* * * LOW HITPOINT WARNING * * *
You miss something. Something hits you.
* * * LOW HITPOINT WARNING * * *
You hit something but do no damage. Something hits you but does no damage.
You block the orc's attack. Something hits you but does no damage.
You hit something. You block the orc's attack.
Something hits you but does no damage.
You closely miss something. The orc hits you but does no damage.
Something hits you but does no damage.
You barely miss something. The orc hits you but does no damage.
You block something's attack.
Your shield prevents you from hitting something.
You block the orc's attack. Something hits you but does no damage.
Your shield and chain mail prevent you from hitting something.
The orc hits you but does no damage. Something completely misses you.
You closely miss something. Something hits you but does no damage.
The orc hits you with a flail.
You die...

#.# #..# .. ##
#!# #..# ... ..
#.# #..% .... #.
#†# #..####.....
#. #.#
#...)....# #.
#.# #....# #.
#.# #....# #.
#.# #..#{# #.
#######.###.##@#
#.
............##o#
#.
.######.##..##.#
#. #.##..##.# #<
..##...... #)
#####...... #.
#(....... #.
o........ ..
##....... ##


You could see an orc.

Vanquished Creatures
  A jelly (D:3)
  An orc priest (D:3)
  An orc wizard (D:3)
  Ijyb (D:3)
  8 adders
  3 gnolls (D:2)
  An ooze (D:3)
  A worm (D:2)
  2 dart slugs
  3 leopard geckos
  14 orcs (D:3)
  5 bats
  7 giant cockroaches
  5 goblins
  8 hobgoblins
  6 kobolds
  A quokka (D:3)
  4 frilled lizards
  7 rats
79 creatures vanquished.

Notes
Turn   | Place    | Note
-------+----------+-------------------------------------------
     0 | D:1      | Moloch the Mummy Fighter began the quest for the Orb.
     0 | D:1      | Reached XP level 1. HP: 18/18 MP: 1/1
   160 | D:1      | Reached skill level 2 in Polearms
   165 | D:1      | Reached XP level 2. HP: 21/24 MP: 2/2
   765 | D:2      | Reached XP level 3. HP: 29/29 MP: 3/3
   775 | D:2      | Reached skill level 3 in Polearms
   909 | D:2      | Reached XP level 4. HP: 26/35 MP: 4/4
  1073 | D:2      | Reached skill level 4 in Polearms
  1673 | D:2      | Reached XP level 5. HP: 28/41 MP: 5/5
  2013 | D:3      | Noticed Ijyb
  2025 | D:3      | Killed Ijyb
  2025 | D:3      | Reached skill level 5 in Polearms
  2041 | D:3      | Found a stormy altar of Qazlal.
  2331 | D:3      | Reached XP level 6. HP: 21/47 MP: 6/6
  2367 | D:3      | Slain by an orc

Vault maps used:
D:1:      dpeg_arrival_refuge, lemuel_another_geyser
D:3:      nemelex_xobeh_ov_fountains_minmay, first_bread, minmay_misc_feat_iff,
          grunt_qazlal_clouds, uniq_ijyb

Skill      XL: |  1  2  3  4  5 |
---------------+----------------+-----
Polearms       | 2 3 4 5 |  5.4
Fighting       | |  3.0
Armour         | |  2.4
Shields        | |  2.4

Action                   |  1- 3 |  4- 6 || total
-------------------------+-------+-------++-------
Melee: Trident           |   129 |   243 ||   372
Armor: Scale mail        |    10 |       ||    10
       Chain mail        |    47 |   103 ||   150
Dodge: Dodged            |    23 |    32 ||    55
Block: Shield            |    49 |    86 ||   135

Table legend:
 A = Spawn XP
 B = Non-spawn XP
 C = Spawn XP percentage of total XP
 D = Spawn monster count
 E = Non-spawn monster count
 F = Spawn count percentage of total count
 G = Total turns spent on level
                    A         B        C        D         E        F      G
               +---------+---------+-------+---------+---------+-------+---------
         Total |     160 |     289 |  35.6 |      18 |      61 |  22.8 |  2367
               +---------+---------+-------+---------+---------+-------+---------
           D:1 |      10 |      30 |  25.0 |       5 |      17 |  22.7 |   761
           D:2 |      60 |     110 |  35.3 |       7 |      19 |  26.9 |   917
           D:3 |      90 |     149 |  37.7 |       6 |      25 |  19.4 |   689
               +---------+---------+-------+---------+---------+-------+---------
